AoeStats
← Joestar

Yucatan

510595897Analyzed
4v4 RM · 1d ago on Oct 1, 2026· 42m 59s· 8 players
Game mode
Random Map
Map size
Large (8 player)
Population
200
Speed
Normal
Resources
Standard
Victory
Conquest
Starting age
Dark Age
Ending age
Imperial Age
RankedLock teamsTeams togetherTeam positionsShared explorationLock speedFull tech treeHidden civsTurbo modeCheats
Victory
Defeat
🇹🇷 Varangians · Türkiye
1415
+17
🇫🇷 Franks · France
1412
+17
🇹🇷 Britons · Türkiye
1409
+17
🇹🇷 Mongols · Türkiye
1408
+17
🇳🇱 Mongols · Netherlands
1450
-18
🇮🇹 Khmer · Italy
1437
-17
🇬🇧 Saxons · United Kingdom
1424
-17
🇵🇪 Maya · Peru
1407
-16
klostrofobikköstebek
8:23 Loom
10:23 Feudal Age
14:41 Castle Age
16:37 Wheelbarrow
15:49 Double-Bit Axe
15:45 Horse Collar
18:33 Padded Archer Armor
18:24 Fletching
19:15 Hand Cart
20:28 Horse Collar
25:12 Heavy Plow
31:09 Imperial Age
29:12 Bow Saw
29:57 Leather Archer Armor
29:44 Gold Mining
30:43 Ballistics
30:35 Bodkin Arrow
32:57 Chemistry
32:20 Yeomen
33:12 Ring Archer Armor
33:07 Conscription
32:11 Pikeman
35:00 Two-Man Saw
34:33 Warwolf
34:56 Bracer
35:31 Elite Longbowman
37:48 Gold Shaft Mining
37:03 Stone Mining
38:12 Forging
38:03 Scale Mail Armor
38:23 Siege Engineers
43:26 Murder Holes
bao
9:21 Loom
11:10 Feudal Age
12:23 Double-Bit Axe
16:21 Castle Age
15:13 Gold Mining
26:44 Stone Mining
29:07 Wheelbarrow
29:05 Town Watch
29:21 Husbandry
30:20 Husbandry
32:52 Imperial Age
30:35 Forging
30:37 Scale Barding Armor
31:03 Fortified Wall
32:49 Bow Saw
33:16 Chain Barding Armor
33:47 Gold Shaft Mining
33:08 Cavalier
34:34 Iron Casting
34:35 Hand Cart
34:59 Plate Barding Armor
35:15 Paladin
36:57 Blast Furnace
39:20 Chivalry
39:41 Conscription
Yokolucu
6:05 Loom
8:31 Feudal Age
10:34 Double-Bit Axe
13:15 Horse Collar
14:01 Scale Barding Armor
15:09 Forging
21:31 Castle Age
20:13 Fletching
21:28 Padded Archer Armor
21:41 Bloodlines
21:27 Gold Mining
22:32 Bodkin Arrow
26:36 Ballistics
26:55 Husbandry
28:03 Leather Archer Armor
30:47 Bow Saw
32:53 Heavy Plow
38:27 Imperial Age
36:38 Wheelbarrow
37:26 Thumb Ring
38:56 Hand Cart
38:35 Elite Mangudai
39:19 Bracer
40:24 Chemistry
39:52 Conscription
40:26 Parthian Tactics
41:21 Town Watch
42:15 Gold Shaft Mining
Tameryig1t
13:30 Feudal Age
18:00 Castle Age
17:44 Double-Bit Axe
19:43 Bow Saw
25:52 Fletching
28:56 Wheelbarrow
28:08 Town Watch
28:53 Stone Mining
28:53 Gold Mining
28:53 Loom
32:03 Imperial Age
29:30 Gold Mining
30:15 Stone Shaft Mining
29:45 Padded Archer Armor
31:04 Hand Cart
31:30 Leather Archer Armor
31:11 Bodkin Arrow
32:02 Stone Shaft Mining
31:09 Horse Collar
33:06 Ballistics
32:42 Murder Holes
32:58 Masonry
32:29 Treadmill Crane
33:52 Heavy Plow
35:04 Conscription
34:07 Elite Jarl
35:55 Ring Archer Armor
35:33 Bracer
38:27 Chemistry
37:40 Forging
37:30 Scale Mail Armor
39:16 Two-Man Saw
38:49 Crop Rotation
38:36 Siege Engineers
39:26 Iron Casting
38:57 Scale Barding Armor
38:58 Cranequins
docsparkles
3:13 Loom
11:32 Feudal Age
15:50 Castle Age
14:24 Double-Bit Axe
17:48 Bow Saw
19:05 Wheelbarrow
18:22 Town Watch
20:39 Horse Collar
31:17 Imperial Age
29:35 Scale Mail Armor
29:30 Fletching
29:48 Heavy Plow
30:52 Bodkin Arrow
31:13 Chain Mail Armor
31:08 Forging
30:50 Crossbowman
30:51 Elite Skirmisher
32:02 Bracer
32:35 Conscription
33:40 Ballistics
33:02 Pikeman
34:04 Padded Archer Armor
Joestar
0:32 Loom
11:30 Feudal Age
23:13 Castle Age
22:37 Double-Bit Axe
25:23 Bow Saw
LogsandBoats
10:24 Feudal Age
14:49 Castle Age
13:12 Double-Bit Axe
13:08 Horse Collar
13:45 Fletching
14:25 Loom
15:38 Gold Mining
19:59 Town Watch
23:25 Wheelbarrow
25:30 Bow Saw
26:21 Bodkin Arrow
27:31 Hand Cart
27:21 Horse Collar
PALADIN
7:18 Loom
11:34 Feudal Age
13:52 Double-Bit Axe
16:21 Castle Age
15:36 Gold Mining
18:44 Bow Saw
18:43 Horse Collar
19:43 Wheelbarrow
19:45 Stone Mining
25:00 Hand Cart
31:35 Imperial Age
29:20 Heavy Plow
30:10 Stone Shaft Mining
30:33 Gold Shaft Mining
30:55 Bloodlines
30:46 Husbandry
31:06 Scale Barding Armor
31:07 Town Watch
32:09 Chain Barding Armor
32:47 Ballistics
32:37 Double Crossbow
32:58 Conscription
34:23 Chemistry
34:17 Plate Barding Armor
34:39 Elite Ballista Elephant
37:03 Siege Engineers
37:34 Fletching
38:13 Masonry
38:27 Bodkin Arrow
38:40 Murder Holes
40:34 Bracer
Connection lost

Rejoining the realm…

Still unreachable

The connection could not be restored.

Session expired

The server has moved on; the page needs a fresh start.